 Dungeon Crawl Stone Soup version 0.27-a0-1438-g9b7c6745da (webtiles) character file.

Game seed: 17851285388342932629

4 2tc the Vexing (level 1, 0/7 HPs)
             Began as a Felid Enchanter on July 4, 2021.
             Slain by a ball python (1 damage)
             ... on level 1 of the Dungeon.
             The game lasted 00:00:58 (297 turns).

2tc the Vexing (Felid Enchanter)                     Turns: 297, Time: 00:00:59

Health: 0/7        AC:  1    Str:  4    XL:     1   Next: 58%
Magic:  2/4        EV: 14    Int: 16    God:
Gold:   2          SH:  0    Dex: 16    Spells: 3/4 levels left
                                        Lives:  0   Deaths: 0

rFire    . . .     SeeInvis +     - Unarmed
rCold    . . .     Faith    .   (shield unavailable)
rNeg     . . .     Spirit   .   (armour unavailable)
rPois    .         Reflect  .   (helmet unavailable)
rElec    .         Harm     .   (cloak unavailable)
rCorr    .         Rampage  .   (gloves unavailable)
Will     .....                  (boots unavailable)
Stlth    +++.......             (no amulet)
HPRegen  0.02/turn              (no ring)
MPRegen  0.09/turn              (no ring)

@: constricted, quick
A: very small, claws 1, fangs 3, see invisible, speed 1, shaggy fur 1, stealthy
paws, no weapons or thrown items, no armour, multi-lived
a: no special abilities


You were on level 1 of the Dungeon.
You visited 1 branch of the dungeon, and saw 1 of its levels.

You collected 2 gold pieces.

Inventory:

Potions
 a - 2 potions of lignification {unknown}


   Skills:
 - Level 2.6 Dodging
 + Level 4.2 Stealth
 * Level 1.4 Unarmed Combat
 - Level 2.0 Spellcasting
 - Level 4.4 Hexes


You had 3 spell levels left.
You knew the following spells:

 Your Spells              Type           Power      Damage    Failure   Level
a - Corona                Hex            16%        N/A       3%          1

Your spell library contained the following spells:

 Spells                   Type           Power      Damage    Failure   Level
 Confusing Touch          Hex            15%        N/A       11%         3
 Tukima's Dance           Hex            15%        N/A       11%         3
 Ensorcelled Hibernation  Hex/Ice        16%        N/A       13%         2
 Sting                    Tmut/Pois      4%         1d3       21%         1
 Dazzling Flash           Conj/Hex       16%        N/A       26%         3
 Poisonous Vapours        Pois/Air       2%         N/A       30%         2
 Olgreb's Toxic Radiance  Pois           1%         N/A       90%         4


Dungeon Overview and Level Annotations

Branches:
Dungeon (1/15)

Altars:


Innate Abilities, Weirdness & Mutations

You have sharp claws.
You have razor-sharp teeth.
You have supernaturally acute eyesight. (SInv)
You cover ground quickly. (Speed+)
You are covered in fur. (AC +1)
Your paws help you pounce on unaware monsters.
You are incapable of wielding weapons or throwing items.
You cannot wear armour.
You gain extra lives every three experience levels.


Message History

You scratch the giant cockroach but do no damage.
The giant cockroach is heavily wounded.
The giant cockroach stops glowing.
The giant cockroach completely misses you.
You scratch the giant cockroach but do no damage.
The giant cockroach is heavily wounded.
The giant cockroach misses you.
You scratch the giant cockroach.
You kill the giant cockroach!
No target in view!
HP restored.
a - 2 fizzy brown potions You aren't carrying any scrolls.
You open the door.
There is an open door here.
A kobold comes into view. It is wielding a +0 club.
The kobold is outlined in light.
You scratch the kobold.
You kill the kobold!
Things that are here:
a +0 club; a kobold corpse You see here 15 bolts.
Found a stone staircase leading down.
There is a stone staircase leading down here.
A rat comes into view.
A ball python comes into view.
You scratch the rat.
You kill the rat!
The ball python hisses angrily.
The ball python barely resists.
The ball python barely resists.
The ball python completely misses you. The ball python barely misses you.
You barely miss the ball python. The ball python bites you.
The ball python grabs you. The ball python constricts you.
You scratch the ball python.
The ball python is severely wounded.
The ball python bites you. The ball python constricts you.
The ball python bites you.
* * * LOW HITPOINT WARNING * * *
You die...

.........##
#######.## ##
#.# #. #.# #.
### #.# #. #...
##.## #.
#....#######...#
#.
#..#.........>.#
#.
#.....S@.###...#
#.
#.......†...####
#. #..#.....##.#
#. # ##...###.#
#. ##.## #.# #.
#. ... ... ..
#.# ###. ##. #.#
#. #.# #.


You could see a ball python.

Vanquished Creatures
  A giant cockroach (D:1)
  2 kobolds (D:1)
  2 rats (D:1)
5 creatures vanquished.

Notes
Turn   | Place    | Note
-------+----------+-------------------------------------------
     0 | D:1      | 2tc the Felid Enchanter began the quest for the Orb.
     0 | D:1      | Reached XP level 1. HP: 7/7 MP: 4/4
   297 | D:1      | Slain by a ball python

Illustrated notes

Levels and vault maps discovered:
D:1:      scummos_arrival_star, layout_loops_ring, kennysheep_minor_cross

Action                   || total
-------------------------++-------
Melee: Unarmed           ||    17
 Cast: Corona            ||     5
 Stab: Sleeping          ||     1
Armor: Skin              ||     2
Dodge: Dodged            ||    11

Table legend: (Time is in decaauts)
 A = Elapsed time spent in this place.
 B = Non-inter-level travel time spent in this place.
 C = Inter-level travel time spent in this place.
 D = Time resting spent in this place.
 E = Time spent auto-exploring this place.
 F = Levels seen in this place.
 G = Mean time per level.
                   A        B        C        D        E       F      G
               +--------+--------+--------+--------+--------+-----+--------+
         Total |    251 |    251 |      0 |      0 |    208 |   1 |  251.0 |
       Dungeon |    251 |    251 |      0 |      0 |    208 |   1 |  251.0 |
               +--------+--------+--------+--------+--------+-----+--------+

Top non-repeatable levels by time:
     D:1: 251 daAuts
